 Dungeon Crawl Stone Soup version 0.22-a0-402-ga933591 (webtiles) character file.

47 erloom the Insei (level 3, -3/26 HPs)
             Began as a Demonspawn Transmuter on May 6, 2018.
             Killed from afar by Natasha (5 damage)
             ... with a magic dart
             ... on level 2 of the Dungeon.
             The game lasted 00:03:22 (1886 turns).

erloom the Insei (Demonspawn Transmuter)            Turns: 1886, Time: 00:03:22

Health: -3/26      AC:  5    Str: 11    XL:     3   Next: 48%
Magic:  6/6        EV: 10    Int: 14    God:
Gold:   41         SH:  0    Dex: 13    Spells: 5/6 levels left

rFire    . . .     SeeInvis .     - Unarmed
rCold    . . .     Gourm    .   (no shield)
rNeg     . . .     Faith    .   t - +0 ring mail
rPois    .         Spirit   .   (no helmet)
rElec    .         Reflect  .   (no cloak)
rCorr    .         Harm     .   (no gloves)
MR       .....                  (no boots)
Stlth    +.........             (no amulet)
HPRegen  0.08/turn              e - ring of flight (curse)
MPRegen  0.10/turn              (no ring)

@: slowed, very slow
A: powered by pain 1
a: Evoke Flight


You were on level 2 of the Dungeon.
You were not hungry.

You visited 1 branch of the dungeon, and saw 2 of its levels.

You collected 41 gold pieces.

Inventory:

Missiles
 a - 12 arrows
Armour
 b - a +0 robe
 p - a +0 leather armour
 t - a +0 ring mail (worn)
Jewellery
 e - a cursed ring of flight (left hand)
 k - an uncursed amulet of magic regeneration {unknown}
Scrolls
 g - 3 scrolls of identify {unknown}
 h - a scroll of noise {unknown}
 l - a scroll of remove curse {unknown}
 o - 2 scrolls of teleportation {unknown}
Potions
 c - a potion of might {unknown}
 f - a potion of heal wounds {unknown}
 i - a potion of curing
 j - a potion of flight {unknown}
 n - a potion of lignification {unknown}
 q - a potion of resistance {unknown}
 r - a potion of brilliance {unknown}
 s - a potion of agility {unknown}
Comestibles
 d - 3 rations
 m - a chunk of flesh


   Skills:
 - Level 1.0 Fighting
 - Level 1.7 Dodging
 + Level 4.1 Unarmed Combat
 - Level 2.0 Spellcasting
 - Level 1.7 Transmutations


You had 5 spell levels left.
You knew the following spells:

 Your Spells              Type           Power        Failure   Level  Hunger
a - Beastly Appendage     Tmut           #.....       28%         1    ##.....


Dungeon Overview and Level Annotations

Branches:
Dungeon (2/15)

Altars:

Annotations:
D:2 Natasha, Robin


Innate Abilities, Weirdness & Mutations

You sometimes gain a little power by taking damage.


Message History

Natasha wildly gestures.
You feel disoriented.
There is an open door here.
The white imp shouts, "Run away, thou venomed dismal-dreaming barnacle!"
Natasha closely misses you.
The crimson imp disappears in a puff of smoke!
There is an open door here.
Natasha wildly gestures.
Natasha shimmers violently.
Natasha casts a spell at you.
You feel yourself slow down.
A rat comes into view.
Natasha wildly gestures.
Natasha glows brightly for a moment.
Natasha casts a spell at you.
You feel as though you will be slow longer.
The rat barely misses you. Natasha casts a spell at you.
The magic dart hits you!
You die...

... #####
#.#####...#
#.....#...########
+.....'...ยง5g..)..
#.....#...########
#. +.....#####
###.##.....#
#...#..h...########
#...@...........#
#..r.............
#................ #
#................
#.#...............#
#.................#
#....<)...........#
#...#+#############
#...


You could see Natasha and a rat.

Vanquished Creatures
  A gnoll (D:1)
  2 dart slugs (D:1)
  A leopard gecko (D:1)
  A ball python (D:1)
  2 giant cockroaches
  13 goblins
  3 hobgoblins
  A kobold (D:1)
  3 bats (D:1)
  A frilled lizard (D:2)
  2 rats
30 creatures vanquished.

Notes
Turn   | Place    | Note
-------+----------+-------------------------------------------
     0 | D:1      | erloom the Demonspawn Transmuter began the quest for the Orb.
     0 | D:1      | Reached XP level 1. HP: 15/15 MP: 3/3
    58 | D:1      | Reached skill level 3 in Unarmed Combat
   326 | D:1      | Gained mutation: You sometimes gain a little power by taking damage. [demonic ancestry]
   326 | D:1      | Reached XP level 2. HP: 17/21 MP: 5/5
   712 | D:1      | Reached XP level 3. HP: 16/26 MP: 6/6
  1173 | D:1      | Reached skill level 4 in Unarmed Combat
  1336 | D:2      | Noticed Robin
  1856 | D:2      | Noticed Natasha
  1872 | D:2      | HP: 1/26 [Natasha/magic dart (8)]
  1886 | D:2      | Killed from afar by Natasha

Vault maps used:
D:1:      eino_arrival_druids_welcome, serial_bayou_lagoon_a,
          minmay_split_cup_large
D:2:      uniq_natasha, uniq_terence, uniq_crazy_yiuf_cottage, uniq_robin

Skill      XL: |  1  2  3 |
---------------+----------+-----
Unarmed Combat | 3 4 |  4.1
Fighting       | |  1.0
Dodging        | |  1.7
Spellcasting   | |  2.0
Transmutations | |  1.7

Action                   || total
-------------------------++-------
Melee: Unarmed           ||   109
       Punch             ||     1
  Eat: Chunk             ||     3
Armor: Robe              ||     9
       Leather armour    ||    15
       Ring mail         ||     1
Dodge: Dodged            ||    69

Table legend:
 A = Spawn XP
 B = Non-spawn XP
 C = Spawn XP percentage of total XP
 D = Spawn monster count
 E = Non-spawn monster count
 F = Spawn count percentage of total count
 G = Total turns spent on level
                    A         B        C        D         E        F      G
               +---------+---------+-------+---------+---------+-------+---------
         Total |       0 |      68 |   0.0 |       0 |      30 |   0.0 |  1886
               +---------+---------+-------+---------+---------+-------+---------
           D:1 |       0 |      56 |   0.0 |       0 |      22 |   0.0 |  1615
           D:2 |       0 |      12 |   0.0 |       0 |       8 |   0.0 |   271
               +---------+---------+-------+---------+---------+-------+---------
